 Dungeon Crawl Stone Soup version 0.30-a0-715-gdb4ae3ece1 (webtiles) character file.

Game seed: 17801702461632573923

353 wormed the Carver (level 6, 0/47 HPs)
             Began as a Gnoll Wanderer on Jan 25, 2023.
             Slain by a hound (3 damage)
             ... on level 4 of the Dungeon.
             The game lasted 00:02:30 (2443 turns).

wormed the Carver (Gnoll Wanderer)                  Turns: 2443, Time: 00:02:30

Health: 0/47       AC:  4    Str: 10    XL:     6   Next: 62%
Magic:  9/9        EV: 13    Int: 21    God:
Gold:   168        SH:  0    Dex: 17    Spells: 9/9 levels left

rFire   . . .      SeeInvis .    a - +2 falchion
rCold   . . .      Faith    .    (no shield)
rNeg    . . .      Spirit   .    h - +0 leather armour
rPois   .          Reflect  .    t - +0 helmet
rElec   .          Harm     .    (no cloak)
rCorr   .          Rampage  .    (no gloves)
Will    .....                    (no boots)
Stlth   ++                       (no amulet)
HPRegen 0.27/turn                n - +6 ring of intelligence
MPRegen 0.11/turn                p - +6 ring of intelligence

@: no status effects
A: fangs 1, strong nose, distributed training
a: no special abilities


You were on level 4 of the Dungeon.
You visited 1 branch of the dungeon, and saw 6 of its levels.

You collected 168 gold pieces.

Inventory:

Hand Weapons
 a - a +2 falchion (weapon)
Armour
 c - a +0 helmet
 e - a +0 robe
 h - a +0 leather armour (worn)
 t - a +0 helmet (worn)
Jewellery
 n - a +6 ring of intelligence (left hand)
 p - a +6 ring of intelligence (right hand)
Wands
 r - a wand of paralysis (7) (quivered)
Scrolls
 b - 3 scrolls of magic mapping {unknown}
 d - a scroll of blinking
 f - a scroll of enchant weapon
 g - 2 scrolls of teleportation
 i - a scroll of vulnerability {unknown}
 l - 5 scrolls of noise {unknown}
 o - a scroll of torment {unknown}
 s - a scroll of brand weapon {unknown}
Potions
 j - a potion of degeneration {unknown}
 k - 3 potions of curing
 m - a potion of heal wounds
 q - a potion of brilliance {unknown}


   Skills:
 + Level 3.3 Fighting
 + Level 2.1 Short Blades
 + Level 10.6 Long Blades
 + Level 2.1 Axes
 + Level 2.1 Maces & Flails
 + Level 2.1 Polearms
 + Level 2.1 Staves
 + Level 3.3 Ranged Weapons
 + Level 2.1 Throwing
 + Level 3.3 Armour
 + Level 3.3 Dodging
 + Level 2.1 Stealth
 + Level 2.1 Shields
 + Level 2.1 Unarmed Combat
 + Level 2.1 Spellcasting
 + Level 1.7 Conjurations
 + Level 1.7 Hexes
 + Level 1.7 Summonings
 + Level 1.7 Necromancy
 + Level 1.7 Translocations
 + Level 1.7 Transmutations
 + Level 1.7 Fire Magic
 + Level 1.7 Ice Magic
 + Level 1.7 Air Magic
 + Level 1.7 Earth Magic
 + Level 1.7 Poison Magic
 + Level 3.5 Invocations
 + Level 2.1 Evocations


You had 9 spell levels left.
You didn't know any spells.
Your spell library contained the following spells:

 Spells                   Type           Power      Damage    Failure   Level
 Blink                    Tloc           18%        N/A       14%         2
 Lesser Beckoning         Tloc           18%        N/A       14%         2
 Momentum Strike          Conj/Tloc      18%        3d8       14%         2


Dungeon Overview and Level Annotations

Branches:
Dungeon (6/15)
 Temple: D:4-7

Altars:
Gozag
The Shining One


Innate Abilities, Weirdness & Mutations

You have very sharp teeth.
Your uncanny sense of smell can sniff out nearby items.
Your experience applies equally to all skills.


Message History

A hound is nearby!
A hound is nearby!
The ogre shouts!
The hound bites you.
You hit the hound.
The hound is moderately wounded.
The hound bites you.
You completely miss the hound. Your bite misses the hound.
The hound is moderately wounded.
The hound bites you.
You hit the hound but do no damage.
The hound is moderately wounded.
The hound bites you but does no damage.
You hit the hound but do no damage.
The hound is moderately wounded.
The hound bites you but does no damage.
You slash the hound!
The hound is severely wounded.
The hound misses you. The hound bites you.
You miss the hound. Your punch misses the hound.
You bite the hound, but do no damage.
The hound is severely wounded.
The hound misses you. The ogre hits you with a +0 giant club!
You hit the hound.
The hound is almost dead.
The hound bites you but does no damage.
You miss the hound.
The hound is almost dead.
The hound misses you.
The ogre hits you with a +0 giant club!!
Ouch! That really hurt!
* * * LOW HITPOINT WARNING * * *
Aiming: Paralyse
Press: ? - help, Q - select action Shift-Dir - straight line, f - hound
Aim: a hound (almost dead, chance to affect: 63%)
The hound resists with significant effort.
The hound bites you.
* * * LOW HITPOINT WARNING * * *
The hound bites you.
You die...

.....#.# ####......
..#..... >. #.##...###.#
.. #..#.....#.# ...
#.....#.#.###.#
#hO....#.#...#
##@...?.#.#..#
#....##......#
#####....##......###
.[.......##...#....##
##..#........#.#...###
#...........#...#....
#..###...........)........
................)))...#...
......#.#..........._.#..#


You could see an ogre and a hound.

Vanquished Creatures
  An ogre (D:4)
  A scorpion (D:5)
  A jelly (D:5)
  A hound (D:5)
  An iguana (D:5)
  An orc wizard (D:2)
  4 adders
  An ufetubus (D:5)
  A worm (D:5)
  A dart slug (D:1)
  10 orcs
  4 endoplasms
  A giant cockroach (D:1)
  4 goblins
  3 hobgoblins (D:1)
  3 jackals (D:2)
  A kobold (D:1)
  3 quokkas
  5 ball pythons
  A bat (D:1)
  A frilled lizard (D:1)
  5 rats
54 creatures vanquished.

Notes
Turn   | Place    | Note
-------+----------+-------------------------------------------
     0 | D:1      | Reached skill level 10 in Long Blades
     0 | D:1      | wormed the Gnoll Wanderer began the quest for the Orb.
     0 | D:1      | wormed set off with the following items: a +2 falchion, a
                  | +0 sling, a +0 helmet, a scroll of blinking, a +0 robe.
     0 | D:1      | Reached XP level 1. HP: 17/17 MP: 2/2
   215 | D:1      | Reached XP level 2. HP: 23/23 MP: 3/3
   533 | D:1      | Reached XP level 3. HP: 28/28 MP: 4/4
   580 | D:2      | Reached skill level 1 in Short Blades
   580 | D:2      | Reached skill level 1 in Axes
   580 | D:2      | Reached skill level 1 in Maces & Flails
   580 | D:2      | Reached skill level 1 in Polearms
   580 | D:2      | Reached skill level 1 in Staves
   580 | D:2      | Reached skill level 1 in Throwing
   580 | D:2      | Reached skill level 1 in Stealth
   580 | D:2      | Reached skill level 1 in Shields
   580 | D:2      | Reached skill level 1 in Unarmed Combat
   580 | D:2      | Reached skill level 1 in Spellcasting
   580 | D:2      | Reached skill level 1 in Evocations
   584 | D:2      | Reached XP level 4. HP: 19/34 MP: 4/6
   957 | D:2      | Reached skill level 1 in Conjurations
   957 | D:2      | Reached skill level 1 in Hexes
   957 | D:2      | Reached skill level 1 in Summonings
   957 | D:2      | Reached skill level 1 in Necromancy
   957 | D:2      | Reached skill level 1 in Translocations
   957 | D:2      | Reached skill level 1 in Transmutations
   957 | D:2      | Reached skill level 1 in Fire Magic
   957 | D:2      | Reached skill level 1 in Ice Magic
   957 | D:2      | Reached skill level 1 in Air Magic
   957 | D:2      | Reached skill level 1 in Earth Magic
   957 | D:2      | Reached skill level 1 in Poison Magic
  1256 | D:3      | You fall into a shaft and drop 3 floors!
  1389 | D:5      | Entered Level 5 of the Dungeon
  1583 | D:5      | Reached XP level 5. HP: 17/40 MP: 7/7
  1732 | D:5      | Found a glowing golden altar of the Shining One.
  1854 | D:5      | Reached XP level 6. HP: 47/47 MP: 8/8
  2311 | D:4      | Found an opulent altar of Gozag.
  2443 | D:4      | Slain by a hound

Illustrated notes

Levels and vault maps discovered:
D:1:      reono_arrival_mine, layout_rooms
D:2:      layout_loops_cross
D:3:      layout_loops_ring, nzn_wu_jian_contemplation
D:4:      layout_rooms, mainiacjoe_overflow_chevrons, minmay_temple_entry_trees
D:5:      layout_layer_cave, mainiacjoe_overflow_concentric_impassable,
          nicolae_tso_swordbearing_angel, fountainhead
D:6:      layout_layer_cave, mainiacjoe_overflow_alcove_2

Skill      XL: |  1  2  3  4  5  6 |
---------------+-------------------+-----
Long Blades    | | 10.6
Short Blades   | 1 2 |  2.1
Axes           | 1 2 |  2.1
Maces & Flails | 1 2 |  2.1
Polearms       | 1 2 |  2.1
Staves         | 1 2 |  2.1
Throwing       | 1 2 |  2.1
Stealth        | 1 2 |  2.1
Shields        | 1 2 |  2.1
Unarmed Combat | 1 2 |  2.1
Spellcasting   | 1 2 |  2.1
Evocations     | 1 2 |  2.1
Conjurations   | 1 |  1.7
Hexes          | 1 |  1.7
Summonings     | 1 |  1.7
Necromancy     | 1 |  1.7
Translocations | 1 |  1.7
Transmutations | 1 |  1.7
Fire Magic     | 1 |  1.7
Ice Magic      | 1 |  1.7
Air Magic      | 1 |  1.7
Earth Magic    | 1 |  1.7
Poison Magic   | 1 |  1.7
Invocations    | 3 |  3.5
Fighting       | 3 |  3.3
Ranged Weapons | 3 |  3.3
Armour         | 3 |  3.3
Dodging        | 3 |  3.3

Action                     |  1- 3 |  4- 6 || total
---------------------------+-------+-------++-------
  Melee: Falchion          |    59 |    90 ||   149
         Bite              |     5 |     7 ||    12
         Punch             |       |     1 ||     1
  Evoke: Wand              |       |     1 ||     1
    Use: Scroll            |       |     4 ||     4
   Stab: Sleeping          |       |     4 ||     4
 Armour: Robe              |     6 |       ||     6
         Leather armour    |    13 |    17 ||    30
  Dodge: Dodged            |    43 |    39 ||    82

Table legend: (Time is in decaauts)
 A = Elapsed time spent in this place.
 B = Non-inter-level travel time spent in this place.
 C = Inter-level travel time spent in this place.
 D = Time resting spent in this place.
 E = Time spent auto-exploring this place.
 F = Levels seen in this place.
 G = Mean time per level.
                   A        B        C        D        E       F      G
               +--------+--------+--------+--------+--------+-----+--------+
         Total |   2407 |   2369 |     38 |      0 |   1920 |   6 |  401.2 |
       Dungeon |   2407 |   2369 |     38 |      0 |   1920 |   6 |  401.2 |
               +--------+--------+--------+--------+--------+-----+--------+

Top non-repeatable levels by time:
     D:5: 826 daAuts
     D:2: 688 daAuts
     D:1: 548 daAuts
     D:4: 212 daAuts
     D:6: 130 daAuts
     D:3: 0 daAuts
